 Dungeon Sprint DCSS version 0.29.1-12-g30fa7ad0bf (webtiles) character file.

Game seed: 11285565317877098375

8908 Groucho the Spry (level 11, -22/58 HPs)
             Began as a Spriggan Enchanter on Dec 26, 2022.
             Was a High Priest of Dithmenos.
             Killed from afar by an electric golem (28 damage)
             ... with a bolt of lightning
             ... in the Dungeon (Sprint II: "The Violet Keep of Menkaure").
             The game lasted 00:10:41 (2922 turns).

Groucho the Spry (Spriggan Enchanter)               Turns: 2922, Time: 00:10:42

Health: -22/58     AC:  2    Str:  6    XL:     11   Next: 16%
Magic:  30/30      EV: 31    Int: 18    God:    Dithmenos [*****.]
Gold:   1018       SH:  0    Dex: 17    Spells: 30/38 levels left

rFire   . . .      SeeInvis +   i - +2 rapier (flame)
rCold   . . .      Faith    .   (no shield)
rNeg    . . .      Spirit   .   b - +0 robe
rPois   .          Reflect  .   (helmet restricted)
rElec   .          Harm     .   (no cloak)
rCorr   .          Rampage  .   (gloves unavailable)
Will    +....      NoTele   +   (boots unavailable)
Stlth   ++++++++++              (no amulet)
HPRegen 0.19/turn               (no ring)
MPRegen 0.22/turn               (no ring)

@: wreathed by umbra, very quick
A: very small, no large weapons, unfitting armour, see invisible, speed 3
a: Renounce Religion, Shadow Step, Shadow Form


You were in the Dungeon.
You worshipped Dithmenos.
Dithmenos was extremely pleased with you.
You visited 1 branch You collected 1620 gold pieces.
You spent 602 gold pieces at shops.

Inventory:

Hand Weapons
 a - a +1 dagger
 i - a +2 rapier of flaming (weapon)
Armour
 b - a +0 robe (worn)
Jewellery
 d - an amulet of magic regeneration
Scrolls
 c - a scroll of fog {unknown}
 f - a scroll of blinking
 h - a scroll of acquirement {unknown}
Potions
 e - a potion of experience {unknown}
 g - a potion of magic
 j - a potion of curing


   Skills:
 + Level 7.4 Fighting
 * Level 11.3 Short Blades
 + Level 19.3 Dodging
 - Level 16.0 Stealth
 - Level 14.0 Spellcasting
 - Level 14.0 Hexes


You had 30 spell levels left.
You knew the following spells:

 Your Spells              Type           Power      Damage    Failure   Level
a - Ensorcelled Hibernat  Hex/Ice        74%        N/A       1%          2
b - Confusing Touch       Hex            58%        N/A       1%          3
c - Dazzling Flash        Conj/Hex       74%        N/A       1%          3

Your spell library contained the following spells:

 Spells                   Type           Power      Damage    Failure   Level
 Tukima's Dance           Hex            58%        N/A       1%          3


Dungeon Overview and Level Annotations

Branches:
Dungeon (1/1)

Altars:
Cheibriados
Dithmenos
Elyvilon
Fedhas
Gozag
Hepliaklqana
Kikubaaqudgha
Makhleb
Nemelex Xobeh
Okawaru
Qazlal
Ru
Sif Muna
Trog
Uskayaw
Vehumet
Wu Jian
Xom
Yredelemnul
Zin
The Shining One
Jiyva
Lugonu

Shops:
D [(:!!=([[[!:[?=

Annotations:
D exclusions: obsidian statue and oklob plant


Innate Abilities, Weirdness & Mutations

You are very small and have problems with some larger weapons.
You are too small for most types of armour.
You have supernaturally acute eyesight. (SInv)
You cover ground extremely quickly. (Speed+++)


Message History

You skewer the electric golem like a kebab!!!!
You burn the electric golem!
The electric golem is almost destroyed.
The electric golem blinks!
The electric golem hurls lightning at you.
The bolt of lightning misses you. x2
The bolt of lightning hits the electric golem.
The electric golem completely resists.
The bolt of lightning hits the electric golem.
The electric golem completely resists.
The bolt of lightning hits the toenail golem!
The toenail golem resists.
Unknown command.
Unknown command.
The helpless iron golem fails to defend itself.
You skewer the iron golem like a kebab!!!!
You punch the iron golem, but do no damage.
The iron golem is moderately damaged.
The toenail golem closely misses you. The electric golem hits you.
The electric golem shocks you!! The electric golem hits you.
The electric golem shocks you!!
* * * LOW HITPOINT WARNING * * *
The electric golem hits you.
* * * LOW HITPOINT WARNING * * *
The electric golem misses you.
Unknown command.
Unknown command.
You hit the iron golem but do no damage.
The iron golem is moderately damaged.
The iron golem closely misses you. x2; The electric golem closely misses you.
The electric golem completely misses you. x3
Unknown command.
Unknown command.
Unknown command.
There is an open door here.
The electric golem blinks!
The electric golem blinks!
The electric golem hurls lightning at you.
The bolt of lightning hits you!!
You die...

###### #|.))# ###|.)}##▓
#...(.9..▓ ###+ #...)..9)▓
≈≈≈° ##⌠.(.§#'▓▓ #§§§≈°
##....#.§▓ ≈§§§○8
##'@##9EE+ ##§≈○≈§
##§...###.# ~## ≈≈≈
#)≈.^...#.#
#~~#+++#+++#####^...#!##
~~~.........#..'...^#..#
~~~~.##+##..#..####.#..#
~~~~##.#.##.####.(÷.##÷#
~~~~#..#..#....#..#...####
~~####.#.####..#####..##)#
$)[


You could see an electric golem and a toenail golem.

Vanquished Creatures
  A deep elf master archer (D)
  A crystal guardian (D)
  A fire dragon (D)
  2 boulder beetles (D)
  An ice dragon (D)
  2 death drakes (D)
  A cane toad (D)
  A yaktaur (D)
  A hornet (D)
  3 polar bears (D)
  3 slime creatures (D)
  4 wyverns (D)
  2 redbacks (D)
  A vampire mosquito (D)
  Menkaure (D)
  A water moccasin (D)
  A black bear (D)
  2 swamp drakes (D)
  4 scorpions (D)
  3 worms (D)
36 creatures vanquished.

Notes
Turn   | Place    | Note
-------+----------+-------------------------------------------
     0 | D        | Groucho the Spriggan Enchanter began the quest for the Orb.
     0 | D        | Reached XP level 1. HP: 9/9 MP: 5/5
     3 | D        | Noticed a wyvern
     3 | D        | Noticed a wyvern
    10 | D        | Noticed a boulder beetle
    10 | D        | Noticed a boulder beetle
    14 | D        | Noticed a scorpion
    14 | D        | Noticed a scorpion
    23 | D        | Reached skill level 5 in Stealth
    29 | D        | Reached XP level 2. HP: 13/13 MP: 5/7
    35 | D        | Noticed a scorpion
    35 | D        | Noticed a scorpion
    36 | D        | Killed a scorpion
    37 | D        | Reached skill level 5 in Spellcasting
    37 | D        | Reached skill level 5 in Hexes
    37 | D        | Reached XP level 3. HP: 16/16 MP: 5/10
    37 | D        | Reached XP level 4. HP: 21/21 MP: 6/12
    38 | D        | Killed a scorpion
    39 | D        | Reached skill level 10 in Stealth
    40 | D        | Killed a scorpion
    41 | D        | Reached skill level 5 in Short Blades
    41 | D        | Reached XP level 5. HP: 24/24 MP: 6/14
    52 | D        | Killed a wyvern
    53 | D        | Reached XP level 6. HP: 28/28 MP: 7/18
    59 | D        | Killed a wyvern
    60 | D        | Reached skill level 15 in Stealth
    60 | D        | Reached XP level 7. HP: 23/32 MP: 7/20
    68 | D        | Learned a level 2 spell: Ensorcelled Hibernation
    72 | D        | Learned a level 3 spell: Confusing Touch
    77 | D        | Killed a boulder beetle
    78 | D        | Reached skill level 10 in Spellcasting
    78 | D        | Reached skill level 10 in Hexes
    78 | D        | Reached XP level 8. HP: 11/36 MP: 5/23
    81 | D        | Killed a boulder beetle
    82 | D        | Reached skill level 10 in Short Blades
   514 | D        | Found Bodo's Armour Shop.
   514 | D        | Found Rariefol's Jewellery Shop.
   514 | D        | Found Hyechigg's Armour Boutique.
   514 | D        | Found Suyrgh's Book Boutique.
   514 | D        | Found Xeuwk's Magic Scroll Boutique.
   515 | D        | Found Itom's Distillery.
   515 | D        | Found Fioc Pof's Antique Armour Boutique.
   515 | D        | Found Juloir's Armour Shop.
   516 | D        | Found Muocollo's Antique Weapon Shop.
   516 | D        | Found Ubbam's Jewellery Boutique.
   517 | D        | Noticed Menkaure
   533 | D        | Killed Menkaure
   535 | D        | Found Xawefonlu's Distillery.
   535 | D        | Found Pelulem's Distillery.
   535 | D        | Noticed an oklob plant
   536 | D        | Found Ystry's Weapon Shop.
   536 | D        | Found Puttirr's Book Shoppe.
   536 | D        | Found Huggum's Antique Armour Boutique.
   538 | D        | Noticed an iron elemental
   567 | D        | Noticed a great orb of eyes
   591 | D        | Bought a potion of invisibility for 112 gold pieces
   591 | D        | Bought a potion of flight for 42 gold pieces
   617 | D        | Learned a level 3 spell: Dazzling Flash
   634 | D        | Found a hazy altar of Hepliaklqana.
   634 | D        | Found a snail-covered altar of Cheibriados.
   635 | D        | Found a stormy altar of Qazlal.
   635 | D        | Found a viscous altar of Jiyva.
   635 | D        | Found a shadowy altar of Dithmenos.
   636 | D        | Found a sacrificial altar of Ru.
   636 | D        | Found an ancient bone altar of Kikubaaqudgha.
   636 | D        | Found a white marble altar of Elyvilon.
   637 | D        | Found an ornate altar of the Wu Jian Council.
   637 | D        | Found a shimmering blue altar of Sif Muna.
   637 | D        | Found a corrupted altar of Lugonu.
   640 | D        | Found a shimmering altar of Xom.
   640 | D        | Found a bloodstained altar of Trog.
   640 | D        | Found a burning altar of Makhleb.
   641 | D        | Found a glowing golden altar of the Shining One.
   641 | D        | Found a basalt altar of Yredelemnul.
   641 | D        | Found a hide-covered altar of Uskayaw.
   643 | D        | Found a glowing silver altar of Zin.
   643 | D        | Found a radiant altar of Vehumet.
   643 | D        | Found a blossoming altar of Fedhas.
   643 | D        | Found a sparkling altar of Nemelex Xobeh.
   643 | D        | Noticed a hornet
   643 | D        | Noticed a polar bear
   644 | D        | Found an opulent altar of Gozag.
   644 | D        | Found an iron altar of Okawaru.
   644 | D        | Noticed a yaktaur
   649 | D        | Became a worshipper of Dithmenos the Shadowed
   657 | D        | Noticed a polar bear
   657 | D        | Noticed a polar bear
   658 | D        | Killed a polar bear
   659 | D        | Reached skill level 4 in Dodging
   659 | D        | Reached XP level 9. HP: 39/39 MP: 25/27
   659 | D        | Killed a polar bear
   660 | D        | Reached skill level 5 in Dodging
   661 | D        | Reached * piety under Dithmenos
   662 | D        | Reached skill level 6 in Dodging
   662 | D        | Killed a polar bear
   663 | D        | Reached skill level 7 in Dodging
   664 | D        | Killed a yaktaur
   665 | D        | Reached skill level 9 in Dodging
   677 | D        | Noticed a deep elf master archer
   684 | D        | Killed a deep elf master archer
   684 | D        | Reached ** piety under Dithmenos
   685 | D        | Reached skill level 14 in Dodging
   685 | D        | Reached XP level 10. HP: 44/44 MP: 29/29
   700 | D        | Reached skill level 15 in Dodging
   702 | D        | Reached *** piety under Dithmenos
   703 | D        | Reached skill level 16 in Dodging
  1132 | D        | Noticed an ice dragon
  1135 | D        | Killed an ice dragon
  1147 | D        | Noticed a death drake
  1148 | D        | Noticed a death drake
  1148 | D        | Noticed a crystal guardian
  1732 | D        | Killed a death drake
  1733 | D        | Reached skill level 17 in Dodging
  1756 | D        | Bought a potion of might for 56 gold pieces
  1762 | D        | Bought a glowing rapier for 182 gold pieces
  1770 | D        | Bought a scroll of enchant weapon for 105 gold pieces
  1770 | D        | Bought a scroll of enchant weapon for 105 gold pieces
  1798 | D        | Killed a crystal guardian
  1799 | D        | Reached skill level 5 in Fighting
  2055 | D        | Reached **** piety under Dithmenos
  2056 | D        | Reached skill level 18 in Dodging
  2412 | D        | Killed a death drake
  2416 | D        | Noticed an electric golem
  2416 | D        | Noticed a toenail golem
  2425 | D        | Noticed a cane toad
  2425 | D        | Noticed a death yak
  2425 | D        | Noticed a cane toad
  2437 | D        | Reached ***** piety under Dithmenos
  2446 | D        | Reached skill level 19 in Dodging
  2446 | D        | Reached XP level 11. HP: 58/58 MP: 11/30
  2449 | D        | Noticed a fire dragon
  2466 | D        | Killed a fire dragon
  2836 | D        | Noticed an obsidian statue
  2911 | D        | Noticed an iron golem
  2922 | D        | Killed from afar by an electric golem

Illustrated notes

Levels and vault maps discovered:
D:        the_violet_keep_of_menkaure [sprint2_stairs_cluster_1,
          sprint2_shoproom, sprint2_temple, sprint2_basic_supplies,
          sprint2_obstacle_7, sprint2_obstacle_4, sprint2_obstacle_3,
          sprint2_obstacle_1, sprint2_obstacle_5, sprint2_timed_cluster_1,
          sprint2_smallroom_cluster_1, sprint2_smallroom_final_cluster_1,
          sprint2_transparent_cluster_1, sprint2_second_timed_cluster_1,
          sprint2_sniper_area_1, sprint2_heavy_combat_area_1,
          sprint2_mutation_trap_area_1, sprint2_forest_area_1,
          sprint2_light_combat_area_1, sprint2_behind_water_1,
          sprint2_near_end_vault_1]

Skill      XL: |  1  2  3  4  5  6  7  8  9 10 11 |
---------------+----------------------------------+-----
Stealth        | 6 9 11 14 15 16 | 16.0
Spellcasting   | 3 5 6 8 10 13 14 | 14.0
Hexes          | 4 5 6 8 10 13 14 | 14.0
Short Blades   | 2 3 5 6 7 9 10 11 | 11.3
Dodging        | 4 14 19 | 19.3
Fighting       | 6 7 |  7.4

Action                   |  1- 3 |  4- 6 |  7- 9 | 10-12 || total
-------------------------+-------+-------+-------+-------++-------
Melee: Dagger            |     6 |     9 |    10 |     6 ||    31
       Rapier            |       |       |       |    30 ||    30
       Punch             |       |       |       |     1 ||     1
 Cast: Ensorcelled Hiber |       |       |     3 |    28 ||    31
       Confusing Touch   |       |       |     1 |     2 ||     3
Invok: Shadow Step       |       |       |       |     1 ||     1
  Use: Potion            |     3 |       |     2 |     5 ||    10
       Scroll            |       |       |       |     3 ||     3
 Stab: Sleeping          |     4 |     4 |     8 |    18 ||    34
       Invisible         |       |     1 |       |       ||     1
       Confused          |       |       |     1 |     1 ||     2
Armor: Robe              |     1 |       |       |     1 ||     2
Dodge: Dodged            |       |     2 |       |    54 ||    56
